General information
- name: BNet
- type: Ladder team game (AT/RT)
- host: Battle.net
- saver: Gobiner
map: BloodstoneMesa
- players: 6
- length: 35:57
- speed: Fast
- version: 1.21 W3XP
- replay type: Public
» download(241 KB)
Players
team 1 (winner)
Blahsmack (
yellow | 55 APM | 1993 actions | 35:56)
4 Blademaster
2 Wind Walk
2 Critical Strike
1 Dark Ranger
1 Silence
» actions
| Basic commands | 117 | |
| Build / train | 113 | |
| Enter build submenu | 44 | |
| Enter hero's abilities submenu | 5 | |
| Give item / drop item | 8 | |
| Remove unit from queue | 2 | |
| Right click | 1063 | |
| Select / deselect | 428 | |
| Use ability | 213 | |
1993 total
» units
» upgrades
| Liquid Fire | 1 | |
| Reinforced Defenses | 1 | |
| Ranged Weapons | 2 | |
| Spiked Barricades | 3 | |
7 total
» buildings
| War Mill | 2 | |
| Altar of Storms | 1 | |
| Orc Burrow | 4 | |
| Watch Tower | 67 | |
| Voodoo Lounge | 5 | |
| Stronghold | 1 | |
| Fortress | 1 | |
| Beastiary | 2 | |
| Great Hall | 1 | |
84 total
» build order
00:04 War Mill
00:10 Altar of Storms
00:23 Orc Burrow
01:31 Watch Tower
01:51 Orc Burrow
02:23 Voodoo Lounge
02:58 Watch Tower
02:59 Watch Tower
04:26 Watch Tower
04:37 Watch Tower
05:12 Watch Tower
05:19 Watch Tower
05:28 Watch Tower
06:09 Stronghold
06:44 Watch Tower
06:44 Watch Tower
06:46 Watch Tower
06:49 Watch Tower
07:57 Watch Tower
07:59 Watch Tower
08:00 Watch Tower
08:35 Fortress
08:40 Beastiary
08:42 Beastiary
09:08 Watch Tower
09:09 Watch Tower
09:11 Watch Tower
09:53 Orc Burrow
09:55 Orc Burrow
10:24 Great Hall
10:40 Watch Tower
11:10 Watch Tower
11:26 Watch Tower
12:11 Watch Tower
12:12 Watch Tower
12:14 Watch Tower
13:06 Watch Tower
13:41 Watch Tower
13:42 Watch Tower
13:43 Watch Tower
14:15 Watch Tower
15:46 Watch Tower
16:23 Watch Tower
16:30 Watch Tower
16:33 Watch Tower
18:50 Voodoo Lounge
18:57 Voodoo Lounge
19:06 Watch Tower
19:08 Watch Tower
19:09 Watch Tower
22:22 Watch Tower
22:29 Watch Tower
22:30 Watch Tower
22:30 Watch Tower
25:13 Watch Tower
25:14 Watch Tower
25:15 Watch Tower
25:17 Watch Tower
25:18 Watch Tower
25:19 Watch Tower
28:24 Voodoo Lounge
30:12 Watch Tower
30:13 Watch Tower
30:14 Watch Tower
30:16 Watch Tower
30:17 Watch Tower
30:18 Watch Tower
30:21 Watch Tower
30:21 Watch Tower
30:22 Watch Tower
30:24 Watch Tower
30:25 Watch Tower
30:26 Watch Tower
30:52 Voodoo Lounge
31:51 War Mill
33:28 Watch Tower
33:30 Watch Tower
33:31 Watch Tower
33:32 Watch Tower
33:32 Watch Tower
33:33 Watch Tower
33:36 Watch Tower
33:36 Watch Tower
33:37 Watch Tower
» items
| Lesser Clarity Potion | 2 | |
| Scroll of Speed | 1 | |
| Healing Salve | 2 | |
| Orb of Lightning | 2 | |
| Potion of Healing | 5 | |
| Potion of Mana | 4 | |
| Tiny Great Hall | 3 | |
| Scroll of Town Portal | 4 | |
| Staff of Sanctuary | 1 | |
24 total
Gobiner (
red | 46 APM | 1667 actions | 35:57)
3 Archmage
2 Blizzard
1 Brilliance Aura
3 Blood Mage
2 Flame Strike
1 Siphon Mana
» actions
| Assign group hotkey | 17 | |
| Basic commands | 34 | |
| Build / train | 140 | |
| ESC pressed | 7 | |
| Enter build submenu | 53 | |
| Enter hero's abilities submenu | 6 | |
| Give item / drop item | 1 | |
| Right click | 524 | |
| Select / deselect | 375 | |
| Select group hotkey | 331 | |
| Use ability | 178 | |
1667 total
» units
| Peasant | 23 | |
| Sorceress | 2 | |
| Priest | 2 | |
| Mortar Team | 2 | |
| Flying Machine | 17 | |
46 total
» upgrades
| Masonry | 3 | |
| Lumber Harvesting | 2 | |
| Magic Sentry | 1 | |
| Sorceress Training | 2 | |
| Priest Training | 2 | |
| Animal War Training | 1 | |
| Flak Cannons | 1 | |
| Fragmentation Shards | 1 | |
| Armor | 3 | |
| Swords | 3 | |
| Gunpowder | 3 | |
| Flare | 1 | |
| Flying Machine Bombs | 1 | |
| Cloud | 1 | |
25 total
» buildings
| Altar of Kings | 1 | |
| Lumber Mill | 1 | |
| Farm | 7 | |
| Scout Tower | 61 | |
| Guard Tower | 41 | |
| Arcane Tower | 7 | |
| Keep | 1 | |
| Arcane Vault | 1 | |
| Castle | 3 | |
| Arcane Sanctum | 1 | |
| Town Hall | 1 | |
| Gryphon Aviary | 2 | |
| Blacksmith | 1 | |
| Barracks | 1 | |
| Workshop | 1 | |
130 total
» build order
00:08 Altar of Kings
00:13 Lumber Mill
00:19 Farm
01:04 Scout Tower
01:21 Farm
01:28 Scout Tower
01:31 Guard Tower
01:34 Arcane Tower
01:34 Arcane Tower
01:35 Arcane Tower
01:57 Guard Tower
02:06 Scout Tower
02:35 Guard Tower
02:38 Scout Tower
03:08 Guard Tower
03:10 Scout Tower
03:37 Scout Tower
03:39 Guard Tower
03:39 Guard Tower
04:02 Keep
04:08 Guard Tower
04:13 Scout Tower
04:16 Scout Tower
04:55 Scout Tower
04:57 Scout Tower
04:59 Scout Tower
05:00 Scout Tower
05:12 Guard Tower
05:13 Scout Tower
05:16 Arcane Vault
05:24 Guard Tower
05:26 Guard Tower
05:28 Scout Tower
05:28 Scout Tower
05:49 Guard Tower
05:51 Guard Tower
06:17 Guard Tower
06:21 Scout Tower
06:22 Scout Tower
06:23 Scout Tower
06:24 Scout Tower
06:27 Scout Tower
06:28 Scout Tower
06:30 Scout Tower
06:30 Scout Tower
06:51 Farm
07:42 Guard Tower
07:44 Scout Tower
07:45 Scout Tower
07:56 Castle
07:56 Castle
08:17 Guard Tower
08:47 Castle
08:55 Guard Tower
09:01 Guard Tower
10:16 Arcane Sanctum
10:21 Town Hall
12:18 Guard Tower
12:35 Scout Tower
12:36 Scout Tower
13:33 Scout Tower
13:34 Scout Tower
13:35 Scout Tower
13:37 Scout Tower
13:37 Scout Tower
13:38 Scout Tower
13:58 Arcane Tower
14:01 Arcane Tower
14:12 Scout Tower
14:19 Scout Tower
14:40 Guard Tower
14:42 Arcane Tower
15:07 Guard Tower
15:36 Guard Tower
16:00 Guard Tower
16:09 Gryphon Aviary
16:11 Blacksmith
16:15 Gryphon Aviary
16:23 Barracks
16:31 Arcane Tower
17:34 Workshop
19:29 Guard Tower
19:45 Scout Tower
19:45 Scout Tower
19:46 Scout Tower
19:47 Scout Tower
19:49 Scout Tower
19:51 Scout Tower
19:52 Scout Tower
20:23 Guard Tower
20:43 Guard Tower
21:21 Scout Tower
21:21 Scout Tower
21:22 Scout Tower
21:23 Scout Tower
21:25 Scout Tower
21:27 Scout Tower
21:31 Scout Tower
21:31 Scout Tower
21:58 Guard Tower
22:09 Guard Tower
22:09 Guard Tower
22:10 Guard Tower
22:12 Scout Tower
22:13 Scout Tower
22:15 Scout Tower
22:20 Scout Tower
22:53 Guard Tower
23:27 Guard Tower
23:48 Guard Tower
23:49 Guard Tower
23:52 Scout Tower
23:53 Scout Tower
23:54 Scout Tower
24:16 Guard Tower
24:30 Guard Tower
24:54 Guard Tower
25:30 Guard Tower
25:32 Scout Tower
27:21 Guard Tower
27:25 Scout Tower
27:52 Guard Tower
27:55 Scout Tower
28:05 Scout Tower
28:19 Farm
28:20 Farm
28:21 Farm
28:22 Farm
28:25 Guard Tower
28:44 Guard Tower
» items
| Healing Salve | 1 | |
| Lesser Clarity Potion | 1 | |
| Staff of Sanctuary | 2 | |
| Mechanical Critter | 2 | |
| Orb of Lightning | 2 | |
8 total
Gobinerself (
orange | 93 APM | 3357 actions | 35:56)
6 Mountain King
3 Storm Bolt
2 Bash
1 Avatar
5 Paladin
3 Holy Light
2 Divine Shield
» actions
| Assign group hotkey | 15 | |
| Basic commands | 26 | |
| Build / train | 134 | |
| Enter build submenu | 58 | |
| Enter hero's abilities submenu | 11 | |
| Give item / drop item | 10 | |
| Right click | 1815 | |
| Select / deselect | 432 | |
| Select group hotkey | 597 | |
| Use ability | 256 | |
3357 total
» units
| Peasant | 27 | |
| Sorceress | 4 | |
| Priest | 4 | |
35 total
» upgrades
| Masonry | 3 | |
| Lumber Harvesting | 2 | |
| Sorceress Training | 2 | |
| Magic Sentry | 1 | |
| Backpack | 1 | |
| Priest Training | 2 | |
11 total
» buildings
| Altar of Kings | 1 | |
| Scout Tower | 68 | |
| Farm | 3 | |
| Lumber Mill | 1 | |
| Arcane Tower | 4 | |
| Guard Tower | 38 | |
| Arcane Vault | 2 | |
| Town Hall | 2 | |
| Keep | 1 | |
| Arcane Sanctum | 1 | |
| Castle | 1 | |
122 total
» build order
00:09 Altar of Kings
00:29 Scout Tower
00:35 Farm
00:55 Lumber Mill
00:59 Arcane Tower
01:22 Farm
03:11 Scout Tower
03:42 Scout Tower
03:43 Scout Tower
03:45 Guard Tower
03:46 Scout Tower
03:51 Arcane Vault
03:54 Farm
04:02 Scout Tower
04:04 Scout Tower
04:11 Guard Tower
04:12 Arcane Tower
04:14 Guard Tower
04:16 Scout Tower
04:45 Guard Tower
04:47 Guard Tower
04:54 Scout Tower
05:05 Town Hall
05:22 Arcane Tower
05:24 Scout Tower
05:48 Scout Tower
05:50 Scout Tower
05:54 Guard Tower
05:55 Scout Tower
06:38 Guard Tower
06:43 Keep
06:44 Guard Tower
06:46 Scout Tower
06:47 Scout Tower
07:07 Guard Tower
07:08 Scout Tower
07:18 Guard Tower
07:52 Guard Tower
08:16 Scout Tower
08:39 Scout Tower
08:39 Scout Tower
09:55 Arcane Sanctum
09:59 Guard Tower
10:00 Scout Tower
10:01 Scout Tower
10:14 Castle
10:17 Guard Tower
10:20 Scout Tower
10:22 Scout Tower
10:23 Scout Tower
10:23 Scout Tower
12:17 Guard Tower
12:20 Scout Tower
12:24 Guard Tower
12:25 Scout Tower
12:27 Scout Tower
12:31 Scout Tower
12:34 Scout Tower
12:58 Guard Tower
13:08 Guard Tower
13:10 Guard Tower
13:24 Guard Tower
13:54 Guard Tower
15:13 Scout Tower
16:33 Scout Tower
16:34 Guard Tower
16:42 Scout Tower
16:43 Scout Tower
16:44 Scout Tower
17:36 Guard Tower
17:54 Guard Tower
19:26 Scout Tower
19:27 Scout Tower
19:28 Scout Tower
19:29 Scout Tower
19:29 Scout Tower
19:34 Scout Tower
19:34 Scout Tower
19:35 Scout Tower
19:36 Scout Tower
20:00 Guard Tower
20:08 Guard Tower
20:10 Scout Tower
20:11 Scout Tower
20:12 Scout Tower
20:12 Scout Tower
20:13 Scout Tower
20:13 Scout Tower
20:27 Scout Tower
20:44 Guard Tower
20:47 Scout Tower
20:50 Guard Tower
20:58 Guard Tower
21:00 Scout Tower
21:08 Guard Tower
21:16 Guard Tower
21:27 Guard Tower
21:32 Scout Tower
21:32 Scout Tower
21:44 Guard Tower
21:48 Town Hall
21:52 Scout Tower
21:54 Scout Tower
21:54 Scout Tower
21:56 Scout Tower
21:57 Scout Tower
21:58 Scout Tower
21:58 Scout Tower
22:09 Guard Tower
22:20 Guard Tower
22:22 Arcane Tower
22:49 Guard Tower
22:50 Scout Tower
22:51 Scout Tower
24:26 Guard Tower
25:12 Scout Tower
27:14 Arcane Vault
28:16 Scout Tower
28:17 Scout Tower
28:17 Scout Tower
30:23 Guard Tower
33:05 Guard Tower
» items
| Scroll of Regeneration | 2 | |
| Lesser Clarity Potion | 14 | |
| Potion of Healing | 2 | |
| Scroll of Town Portal | 3 | |
| Orb of Lightning | 2 | |
| Staff of Sanctuary | 1 | |
| Healing Salve | 2 | |
| Potion of Mana | 5 | |
31 total
team 2 (loser)
Lets_Bro_Out (
blue | 67 APM | 2393 actions | 35:27)
5 Death Knight
3 Death Coil
2 Unholy Aura
4 Dreadlord
2 Vampiric Aura
2 Sleep
» actions
| Assign group hotkey | 32 | |
| Basic commands | 73 | |
| Build / train | 94 | |
| Enter build submenu | 19 | |
| Enter hero's abilities submenu | 9 | |
| Give item / drop item | 3 | |
| Right click | 1169 | |
| Select / deselect | 350 | |
| Select group hotkey | 535 | |
| Use ability | 109 | |
2393 total
» units
| Acolyte | 13 | |
| Ghoul | 11 | |
| Gargoyle | 30 | |
| Obsidian Statue | 1 | |
55 total
» upgrades
| Cannibalize | 1 | |
| Ghoul Frenzy | 1 | |
| Creature Attack | 3 | |
| Creature Carapace | 3 | |
8 total
» buildings
| Crypt | 2 | |
| Ziggurat | 13 | |
| Altar of Darkness | 1 | |
| Tomb of Relics | 1 | |
| Halls of the Dead | 1 | |
| Graveyard | 1 | |
| Black Citadel | 1 | |
| Slaughterhouse | 1 | |
| Spirit Tower | 2 | |
23 total
» build order
00:05 Crypt
00:07 Ziggurat
00:30 Altar of Darkness
00:56 Ziggurat
01:28 Tomb of Relics
03:18 Halls of the Dead
04:29 Ziggurat
05:47 Graveyard
05:53 Black Citadel
06:31 Ziggurat
07:51 Crypt
08:33 Slaughterhouse
10:36 Ziggurat
10:39 Ziggurat
11:42 Ziggurat
11:43 Ziggurat
11:45 Ziggurat
11:47 Ziggurat
15:53 Spirit Tower
19:43 Ziggurat
22:02 Spirit Tower
28:18 Ziggurat
28:20 Ziggurat
» items
| Rod of Necromancy | 4 | |
| Scroll of Town Portal | 1 | |
| Potion of Healing | 5 | |
| Orb of Corruption | 1 | |
| Scroll of Healing | 2 | |
| Healing Salve | 1 | |
14 total
nessu (
teal | 66 APM | 2331 actions | 35:28)
4 Far Seer
2 Feral Spirit
2 Chain Lighting
» actions
| Basic commands | 14 | |
| Build / train | 104 | |
| ESC pressed | 13 | |
| Enter build submenu | 29 | |
| Enter hero's abilities submenu | 4 | |
| Remove unit from queue | 1 | |
| Right click | 1275 | |
| Select / deselect | 799 | |
| Use ability | 92 | |
2331 total
» units
| Peon | 15 | |
| Grunt | 8 | |
| Demolisher | 4 | |
| Shaman | 5 | |
| Tauren | 2 | |
| Wind Rider | 11 | |
| Troll Batrider | 28 | |
73 total
» upgrades
| Shaman Training | 2 | |
| Pulverize | 1 | |
| Reinforced Defenses | 1 | |
| Envenomed Spears | 1 | |
| Armor | 3 | |
| Melee Weapons | 1 | |
| Ranged Weapons | 3 | |
| Liquid Fire | 1 | |
13 total
» buildings
| Altar of Storms | 1 | |
| Orc Burrow | 8 | |
| Barracks | 1 | |
| Voodoo Lounge | 1 | |
| Stronghold | 5 | |
| War Mill | 1 | |
| Spirit Lodge | 1 | |
| Fortress | 1 | |
| Tauren Totem | 1 | |
| Great Hall | 1 | |
| Beastiary | 2 | |
23 total
» build order
00:08 Altar of Storms
00:18 Orc Burrow
01:04 Barracks
01:30 Orc Burrow
01:48 Voodoo Lounge
03:22 Stronghold
03:23 Stronghold
03:23 Stronghold
03:55 War Mill
04:25 Orc Burrow
05:56 Spirit Lodge
07:11 Fortress
09:48 Orc Burrow
09:51 Orc Burrow
09:57 Tauren Totem
11:52 Great Hall
12:07 Beastiary
12:13 Orc Burrow
13:08 Orc Burrow
18:24 Orc Burrow
28:18 Beastiary
» items
Valmyr (
green | 74 APM | 2658 actions | 35:55)
4 Blademaster
2 Mirror Image
1 Wind Walk
1 Critical Strike
1 Tauren Chieftain
1 Endurance Aura
» actions
| Assign group hotkey | 15 | |
| Basic commands | 90 | |
| Build / train | 85 | |
| Enter build submenu | 15 | |
| Enter hero's abilities submenu | 5 | |
| Remove unit from queue | 6 | |
| Right click | 1565 | |
| Select / deselect | 529 | |
| Select group hotkey | 310 | |
| Use ability | 38 | |
2658 total
» units
| Peon | 15 | |
| Grunt | 10 | |
| Demolisher | 29 | |
54 total
» upgrades
| Melee Weapons | 2 | |
| Armor | 1 | |
| Ranged Weapons | 3 | |
| Berserker Strength | 1 | |
| Burning Oil | 1 | |
8 total
» buildings
| Altar of Storms | 1 | |
| Barracks | 1 | |
| Orc Burrow | 6 | |
| War Mill | 1 | |
| Stronghold | 1 | |
| Fortress | 1 | |
| Voodoo Lounge | 1 | |
| Great Hall | 2 | |
14 total
» build order
00:07 Altar of Storms
00:11 Barracks
00:34 Orc Burrow
03:14 Orc Burrow
03:33 War Mill
04:22 Stronghold
04:25 Orc Burrow
08:42 Orc Burrow
08:47 Fortress
09:16 Voodoo Lounge
09:38 Orc Burrow
14:28 Great Hall
18:39 Orc Burrow
28:12 Great Hall
» items
| Healing Salve | 5 | |
| Potion of Healing | 3 | |
8 total
Chat log
(00:04 / Allies) Gobinerself: o
(00:17 / Allies) Gobinerself: thats quite a bug
(01:47 / Allies) Gobinerself: everytime ive tried to fast creep the expo on this map it has gotten fucked
(01:51 / Allies) Gobinerself: but im going to keep trying
(01:58 / Allies) Gobinerself: yah
(03:03 / Allies) Gobinerself: just did it perfect
(03:19 / Allies) Gobinerself: block if you can
(05:28 / Allies) Gobinerself: ugh
(06:02 / Allies) Gobinerself: im really glad he didnt want to attack
(07:32 / Allies) Gobinerself: im going to nuke down middle creeps
(07:45 / Allies) Gobinerself: i used 8 as soon as mk was out
(07:48 / Allies) Gobinerself: and didnt lose any
(09:19 / Allies) Gobinerself: go away blah
(09:45 / Allies) Gobinerself: ring +5 ugh
(09:52 / Allies) Gobinerself: thats some pro fucking creeping though
(11:15 / Allies) Gobinerself: fucking hell
(11:20 / Allies) Gobinerself: 2 +5
(11:24 / Allies) Gobinerself: what is that
(12:10 / Allies) Gobinerself: i fucked that up
(13:03 / Allies) Gobinerself: he didnt get the item
(14:42 / Allies) Gobinerself: lol
(14:55 / Allies) Gobinerself: hahahaa
(14:57 / Allies) Gobinerself: fucking hell
(15:09 / All) Gobinerself: my mk has 19 armour
(15:31 / Allies) Gobinerself: come on what is that seriously
(15:34 / Allies) Gobinerself: i get all the mid items
(15:36 / Allies) Gobinerself: and all are rings
(15:43 / Allies) Gobiner: kwned
(15:49 / Allies) Gobinerself: and a ror from the camo
(16:13 / Allies) Blahsmack: talismanz
(16:13 / Allies) Gobinerself: cool
(16:31 / Allies) Gobinerself: +3 if anyone wants
(17:06 / Allies) Gobinerself: lol
(17:14 / Allies) Gobinerself: tanks like crazy
(17:31 / Allies) Gobinerself: not well enough though
(21:06 / Allies) Gobinerself: try for this imo
(21:12 / Allies) Gobinerself: lol
(23:13 / Allies) Gobinerself: haha holy shit
(27:26 / Allies) Gobinerself: 6 mk woot
(27:33 / Allies) Gobinerself: thats 5 more armour in avatar
(27:39 / Allies) Gobiner: hahaha
(27:59 / Allies) Gobinerself: UGH
(30:58 / Allies) Gobinerself: no boots
(33:53 / Allies) Gobinerself: fight
(33:56 / Allies) Gobinerself: jesus
(35:31 / All) Blahsmack: lmao
(35:32 / All) Gobinerself: 2 e z nubs
(35:41 / All) Gobinerself: +15 armour noobs
(35:53 / All) Valmyr: my dick is big